 Dungeon Crawl Stone Soup version 0.30-a0-187-gd9c2deaf24 (webtiles) character file.

Game seed: 10610089356426235829

931 Sweetruy1997 the Chopper (level 8, -8/66 HPs)
             Began as a Hill Orc Monk on Sept 27, 2022.
             Was a Believer of Beogh.
             Mangled by a wyvern (12 damage)
             ... on level 6 of the Dungeon on Oct 4, 2022.
             The game lasted 00:13:43 (6568 turns).

Sweetruy1997 the Chopper (Hill Orc Monk)            Turns: 6568, Time: 00:13:44

Health: -8/66      AC:  5    Str: 16    XL:     8   Next: 11%
Magic:  13/13      EV: 11    Int: 16    God:    Beogh [**....]
Gold:   88         SH:  0    Dex: 13    Spells: 6/14 levels left

rFire   . . .      SeeInvis .    q - +4 quarterstaff (chaos)
rCold   . . .      Faith    .    (shield currently unavailable)
rNeg    . . .      Spirit   .    l - +0 ring mail
rPois   .          Reflect  .    (no helmet)
rElec   .          Harm     .    s - scarf {repulsion}
rCorr   .          Rampage  .    (no gloves)
Will    .....                    (no boots)
Stlth   +.........               u - amulet of regeneration
HPRegen 1.11/turn                n - +6 ring of intelligence
MPRegen 0.13/turn                (no ring)

@: repel missiles
A: no striking features
a: Renounce Religion, Smiting


You were on level 6 of the Dungeon.
You worshipped Beogh.
Beogh was pleased with you.
You visited 2 branches of the dungeon, and saw 7 of its levels.

You collected 208 gold pieces.
You spent 120 gold pieces at shops.

Inventory:

Hand Weapons
 q - a +4 quarterstaff of chaos (weapon)
Armour
 l - a +0 ring mail (worn)
 s - a scarf of repulsion (worn)
Jewellery
 n - a +6 ring of intelligence (left hand)
 u - an amulet of regeneration (around neck)
Scrolls
 b - a scroll of blinking {unknown}
 d - a scroll of noise {unknown}
 f - 5 scrolls of identify {unknown}
 h - a scroll of fog {unknown}
 i - 2 scrolls of fear {unknown}
 j - a scroll of torment {unknown}
 k - 3 scrolls of teleportation {unknown}
 m - a scroll of vulnerability {unknown}
 o - a scroll of poison {unknown}
 p - a scroll of enchant weapon {unknown}
 x - a scroll of amnesia {unknown}
Potions
 a - 2 potions of might {unknown}
 c - a potion of ambrosia
 e - a potion of berserk rage {unknown}
 g - a potion of magic
 r - a potion of haste {unknown}
 t - 3 potions of curing {unknown}
 v - 2 potions of degeneration {unknown}
 w - a potion of brilliance {unknown}


   Skills:
 - Level 4.0 Fighting
 - Level 5.5 Axes
 + Level 1.7 Staves
 - Level 2.0 Armour
 - Level 3.0 Dodging
 + Level 2.0 Stealth
 + Level 3.7 Spellcasting
 + Level 0.5 Conjurations
 + Level 1.1 Summonings
 + Level 4.6 Necromancy


You had 6 spell levels left.
You knew the following spells:

 Your Spells              Type           Power      Damage    Failure   Level
a - Necrotise             Necr           68%        1d7       4%          1
b - Summon Small Mammal   Summ           24%        N/A       21%         1
c - Apportation           Tloc           4%         N/A       32%         1
d - Kiss of Death         Conj/Necr      44%        2d8       11%         1
e - Dispel Undead         Necr           17%        3d10      43%         4

Your spell library contained the following spells:

 Spells                   Type           Power      Damage    Failure   Level
 Beastly Appendage        Tmut           4%         N/A       32%         1
 Freeze                   Ice            8%         1d3       32%         1
 Wereblood                Tmut           2%         N/A       43%         2
 Hailstorm                Conj/Ice       3%         3d3       65%         3
 Confusing Touch          Hex            2%         N/A       67%         3
 Frozen Ramparts          Ice            4%         1d1       67%         3
 Spider Form              Tmut/Pois      2%         N/A       67%         3


Dungeon Overview and Level Annotations

Branches:
Dungeon (6/15)             Temple (1/1) D:4

Altars:
Ashenzari
Cheibriados
Dithmenos
Elyvilon
Fedhas
Gozag
Hepliaklqana
Kikubaaqudgha
Makhleb
Nemelex Xobeh
Okawaru
Qazlal
Ru
Sif Muna
Trog
Wu Jian
Xom
Yredelemnul
Zin
The Shining One

Shops:
D:4 [   D:6 ((

Annotations:
D:6 Sigmund


Message History

The wyvern attacks as you move away! The wyvern bites you!
The wyvern barely misses you. The ufetubus misses you. The ufetubus hits you.
The wyvern bites you. The wyvern attacks as you move away!
The wyvern bites you! x2
* * * LOW HITPOINT WARNING * * *
The ufetubus closely misses you. The ufetubus barely misses you.
The wyvern attacks as you move away! The wyvern barely misses you.
The ufetubus hits you but does no damage.
The ufetubus completely misses you. The ufetubus closely misses you. x2
The ufetubus closely misses you.
The ufetubus hits you but does no damage.
There is an open door here.
The ufetubus attacks as you move away! The ufetubus misses you.
The ufetubus barely misses you.
The ufetubus hits you but does no damage. x2
The wyvern attacks as you move away!
The wyvern bites you but does no damage.
The wyvern bites you.
* * * LOW HITPOINT WARNING * * *
The ufetubus hits you but does no damage.
The ufetubus barely misses you. The ufetubus hits you.
* * * LOW HITPOINT WARNING * * *
The ufetubus completely misses you. The wyvern bites you.
* * * LOW HITPOINT WARNING * * *
The wyvern barely misses you. The ufetubus closely misses you.
The ufetubus misses you. The ufetubus attacks as you move away!
The ufetubus hits you but does no damage.
The ufetubus hits you.
* * * LOW HITPOINT WARNING * * *
You open the door. The ufetubus barely misses you. The ufetubus hits you.
* * * LOW HITPOINT WARNING * * *
The wyvern barely misses you.
The wyvern bites you but does no damage.
The ufetubus misses you.
The ufetubus hits you but does no damage.
The wyvern attacks as you move away! The wyvern bites you!
You die...

#.##.............##.#...#
#.##.#######........##.##
#.##.# #.#########.##
#)##.# #####.## #...#
#)##. ......## #...# ##.##
##.....## #...# #...##
##.......## ##..#
#....####.........####...#
#.......'@5Y.l....'.......
##..[####.l.......####...#
##..# ##.......## #.....
#####.# ##.....## #..#.#
#.....# ##...## ##.###.
#.##..# ##+## ##.## ##
#.###'# #.# #.## # #.# #.#
#.# ##.## ## ####.###.#
##.## ##.###.


You could see a wyvern, an ice beast, an iguana and an ufetubus.

Vanquished Creatures
  2 ogres (D:4)
  A centaur (D:5)
  2 phantoms
  A necrophage (D:5)
  2 scorpions
  2 jellies
  A hound (D:5)
  Crazy Yiuf (D:3)
  3 iguanas
  2 orc wizards
  3 adders
  4 worms
  3 dart slugs
  10 orcs
  5 ball pythons
  8 bats
  6 endoplasms
  A giant cockroach (D:1)
  3 goblins
  6 hobgoblins
  2 jackals (D:4)
  5 quokkas
  3 frilled lizards
  6 kobolds
  5 rats
87 creatures vanquished.

Vanquished Creatures (others)
  An orc (D:6)
1 creature vanquished.

Grand Total: 88 creatures vanquished

Notes
Turn   | Place    | Note
-------+----------+-------------------------------------------
     0 | D:1      | Sweetruy1997 the Hill Orc Monk began the quest for the Orb.
     0 | D:1      | Reached XP level 1. HP: 19/19 MP: 1/1
   331 | D:1      | Reached XP level 2. HP: 16/27 MP: 2/2
   489 | D:1      | Found a faded altar of an unknown god.
  1046 | D:1      | Reached XP level 3. HP: 32/33 MP: 3/3
  1738 | D:2      | Reached skill level 5 in Axes
  2027 | D:2      | Reached XP level 4. HP: 40/40 MP: 4/4
  2464 | D:2      | Learned a level 1 spell: Necrotise
  2466 | D:2      | Learned a level 1 spell: Summon Small Mammal
  2468 | D:2      | Learned a level 1 spell: Apportation
  2732 | D:3      | Reached skill level 1 in Armour
  3051 | D:3      | Found a runed translucent door.
  3052 | D:3      | Noticed Crazy Yiuf
  3368 | D:3      | Found a sparkling altar of Nemelex Xobeh.
  3368 | D:3      | Found a broken altar of Ashenzari.
  3673 | D:3      | Found a bloodstained altar of Trog.
  3791 | D:3      | Killed Crazy Yiuf
  3792 | D:3      | Reached XP level 5. HP: 24/46 MP: 0/5
  4004 | D:4      | Reached skill level 1 in Necromancy
  4044 | D:4      | Learned a level 1 spell: Kiss of Death
  4178 | D:4      | Noticed a phantom
  4183 | D:4      | Killed a phantom
  4184 | D:4      | Reached skill level 1 in Spellcasting
  4184 | D:4      | Reached XP level 6. HP: 52/52 MP: 6/8
  4326 | D:4      | Found Buxtubby's Armour Emporium.
  4520 | D:4      | Bought a scarf of repulsion for 120 gold pieces
  4600 | D:4      | Learned a level 4 spell: Dispel Undead
  4781 | D:4      | Found a staircase to the Ecumenical Temple.
  4790 | Temple   | Entered the Ecumenical Temple
  5102 | D:4      | Reached XP level 7. HP: 41/59 MP: 7/10
  5272 | D:4      | Found a glowing golden altar of the Shining One.
  5326 | D:5      | Entered Level 5 of the Dungeon
  5360 | D:5      | Reached skill level 1 in Staves
  5404 | D:5      | Upgraded the game from 0.30-a0-159-g068b764562 to
                  | 0.30-a0-187-gd9c2deaf24
  5537 | D:6      | Found Izxy's Weapon Boutique.
  5538 | D:6      | Found Plog's Antique Weapon Boutique.
  5563 | D:6      | Reached skill level 1 in Summonings
  6115 | D:5      | Reached XP level 8. HP: 66/66 MP: 7/13
  6487 | D:6      | Became a worshipper of Beogh the Brigand
  6487 | D:6      | Reached * piety under Beogh
  6487 | D:6      | Reached ** piety under Beogh
  6513 | D:6      | Noticed a wyvern
  6514 | D:6      | Found a glowing silver altar of Zin.
  6517 | D:6      | Noticed Sigmund
  6568 | D:6      | Mangled by a wyvern

Illustrated notes

Levels and vault maps discovered:
D:1:      minmay_arrival_nine_rooms, layout_loops_ring,
          ebering_ecumenical_altar_box
D:2:      layout_loops_ring, grunt_ministairs_13, dk_noncrumbling_4
D:3:      layout_loops_ring, gammafunk_temple_overflow_pools,
          mainiacjoe_overflow_alcove_4, uniq_crazy_yiuf_cottage
D:4:      layout_basic, tso_altar, minmay_temple_entry_poolview, serial_shops,
          shop
D:5:      layout_basic, hangedman_decor_riveting
D:6:      layout_loops_corners, mainiacjoe_overflow_tiny_flanked, serial_shops,
          nicolae_shop_overgrown_old_shop, shop, nicolae_shop_hallway_stairs,
          hangedman_feature_mirror, minmay_manual_monstrance, uniq_sigmund,
          uniq_pikel, uniq_duvessa
Temple:   nicolae_temple_slightly_damp_pantheon

Skill      XL: |  1  2  3  4  5  6  7 |
---------------+----------------------+-----
Fighting       | 4 |  4.0
Axes           | 5 |  5.5
Armour         | 1 2 |  2.0
Dodging        | 3 |  3.0
Necromancy     | 1 3 4 |  4.6
Spellcasting   | 1 2 3 |  3.7
Staves         | 1 |  1.7
Summonings     | 1 |  1.1
Stealth        | 2 |  2.0
Conjurations   | |  0.5

Action                   |  1- 3 |  4- 6 |  7- 9 || total
-------------------------+-------+-------+-------++-------
Melee: Hand axe          |   153 |    61 |       ||   214
       Punch             |       |     1 |       ||     1
       Quarterstaff      |       |    24 |    38 ||    62
 Cast: Necrotise         |       |    50 |    49 ||    99
       Summon Small Mamm |       |     1 |     3 ||     4
Invok: Convert to Beogh  |       |       |     1 ||     1
  Use: Potion            |       |     2 |       ||     2
 Stab: Sleeping          |     1 |       |       ||     1
Armor: Robe              |    10 |       |       ||    10
       Plate armour      |    60 |     6 |       ||    66
       Ring mail         |       |    23 |    23 ||    46
Dodge: Dodged            |    58 |    57 |    62 ||   177

Table legend: (Time is in decaauts)
 A = Elapsed time spent in this place.
 B = Non-inter-level travel time spent in this place.
 C = Inter-level travel time spent in this place.
 D = Time resting spent in this place.
 E = Time spent auto-exploring this place.
 F = Levels seen in this place.
 G = Mean time per level.
                   A        B        C        D        E       F      G
               +--------+--------+--------+--------+--------+-----+--------+
         Total |   6595 |   6378 |    217 |    311 |   5071 |   7 |  942.1 |
       Dungeon |   6408 |   6209 |    199 |    311 |   4920 |   6 | 1068.0 |
        Temple |    186 |    168 |     18 |      0 |    151 |   1 |  186.0 |
               +--------+--------+--------+--------+--------+-----+--------+

Top non-repeatable levels by time:
     D:2: 1384 daAuts
     D:3: 1374 daAuts
     D:1: 1248 daAuts
     D:4: 1150 daAuts
     D:5: 952 daAuts
     D:6: 298 daAuts
  Temple: 186 daAuts
